[Event "Late-Titled-Tuesday-Blitz-April-30-2024"]
[Site "Chess.com"]
[Date "2024.04.30"]
[Round "11"]
[White "bobo_panda"]
[Black "IngOscarArdila"]
[Result "1-0"]
[WhiteElo "2432"]
[BlackElo "2329"]
[TimeControl "180+1"]
[EndTime "16:05:53 PDT"]
[Termination "bobo_panda won by checkmate"]

1. e4 e5 2. Nf3 Nf6 3. Nxe5 d6 4.
Nf3 Nxe4 5. Nc3 Nf6 6. d4 Bg4 7. d5 Be7 8. Be2 O-O 9. O-O Nbd7 10. Bf4 Nc5 11. Nd4 Bxe2 12. Qxe2 Re8 13. b4 Ncd7 14.
a4 Bf8 15. Qd2 Nb6 16. Nb3 Qd7 17. a5 Nc4 18. Qd4 Ne5 19. Bxe5 Rxe5 20. Rae1 Rxe1 21. Rxe1 a6 22. Ne4 Nxe4 23. Qxe4 g6 24. h4 h5 25. Nd4 Bg7 26. Nf3 Bf6 27. g3 Kg7 28. Kg2 Rd8 29. Qc4 Rc8 30. Qe4 c5 31. Rb1 cxb4 32. Qxb4 Rc7 33. c4 Qc8 34. Qxd6 Rxc4 35. Rb6 Bc3 36. Ng5 Qc7 37. Ne4 Bd4 38. Rb3 Be5 39. Qxc7 Rxc7 40.
f4 Bf6 41. d6 Rd7 42. Kf3 Bd8 43. Ra3 f5 44. Nc5 Rxd6 45. Nxb7 Rd7 46. Nxd8 Rxd8 47. Ke3 Rd5 48. Ra4 Kf6 49. Ra3 Ke6 50. Ra4 Ke7 51. Ra3 Ke6 52. Ra1 Rb5 53. Ra4 Kd5 54. Ra3 Rb4 55. Rd3+ Kc6 56. Rd8 Rb3+ 57. Kf2 Rb2+ 58. Kf3 Rb3+ 59. Kf2 Ra3 60. Rg8 Rxa5 61. Rxg6+ Kd5 62.
Rg5 Ke4 63. Rxh5 Ra2+ 64. Ke1 a5 65. Rh8 a4 66. Ra8 Ke3 67. Kd1 a3 68. Kc1 Kf3 69.
h5 Kxg3 70. h6 Kxf4 71. h7 Rh2 72. h8=Q Rxh8 73. Rxh8 Ke3 74. Rh3+ Ke2 75. Rxa3 f4 76. Ra2+ Ke1 77. Kc2 f3 78. Kd3 f2 79. Ke3 f1=Q 80.
Ra1# 1-0

[Event "Late-Titled-Tuesday-Blitz-April-30-2024"]
[Site "Chess.com"]
[Date "2024.04.30"]
[Round "11"]
[White "Crazy_girl99"]
[Black "PenguinPacks"]
[Result "1-0"]
[WhiteElo "2665"]
[BlackElo "2484"]
[TimeControl "180+1"]
[EndTime "16:05:56 PDT"]
[Termination "Crazy_girl99 won by resignation"]

1. e4 c5 2. Nf3 d6 3. Nc3 Nf6 4. Bc4 Nc6 5. O-O e6 6. d4 cxd4 7. Nxd4 Be7 8. Be3 O-O 9. f4 d5 10. exd5 exd5 11. Be2 Bc5 12. Bf2 Re8 13. Bf3 Nxd4 14.
Bxd4 Qb6 15. Bxc5 Qxc5+ 16. Kh1 d4 17. Ne2 Rd8 18. c3 d3 19. Nd4 Nd5 20. Qxd3 Nxf4 21.
Qe4 Ne6 22. Rae1 Bd7 23. Qh4 Nxd4 24. cxd4 Qb5 25. Bh5 g6 26. Rxf7 Qxh5 27. Qf6 Qh6 28. h4 Be8 29. Rfe7 Qf8 30. Qe6+ Bf7 31. Qe5 Rd5 32. Qf6 Qg7 33. Qf3 Rf8 34. Rxb7 Rf5 35. Qe3 Bd5 36. Rxg7+ Kxg7 37. Re2 Rf4 38. Kh2 Kg8 39.
Kg3 R8f5 40. Qe8+ Kg7 41. Qe7+ Rf7 42. Qd6 Bb7 43. Qe5+ Kg8 44. h5 R4f5 45. Qb8+ Kg7 46. hxg6 Rg5+ 47. Kh2 Rxg6 48. Kg1 Rgf6 49. Qg3+ Rg6 50.
Qh4 Kg8 51. d5 Rd7 52. Qe4 Rxd5 53. Qe8+ Kg7 54. Qe7+ Kh6 55. Qxb7 Rd1+ 56. Kh2 Rdd6 57. Qf3 Kg7 58. Qc3+ Kf7 59. Rd2 Rc6 60. Qb3+ Ke7 61. Qe3+ Kf7 62. Qxa7+ Kf6 63. Qd4+ Kg5 64. Rf2 Kh6 65.
Qh4+ Kg7 66. Qe7+ Kh6 67. Re2 Rc4 68. Qe3+ Kg7 69. Qa7+ Kh6 70. Qe7 Rcg4 71. Rd2 Rg3 72. Qe4 R3g4 73. Qe3+ Kg7 74. Rf2 R4g5 75. Qc3+ Kh6 76.
b4 Rh5+ 77. Kg1 Rd5 78. Qe3+ Kg7 79. Rf3 Rd1+ 80. Kh2 Rdd6 81. Rg3 1-0

[Event "Late-Titled-Tuesday-Blitz-April-30-2024"]
[Site "Chess.com"]
[Date "2024.04.30"]
[Round "11"]
[White "Shuvalov"]
[Black "Moltini"]
[Result "1-0"]
[WhiteElo "2612"]
[BlackElo "2491"]
[TimeControl "180+1"]
[EndTime "16:06:05 PDT"]
[Termination "Shuvalov won by resignation"]

1. d4 Nf6 2. c4 g6 3. Nc3 Bg7 4. e4 d6 5. Nf3 O-O 6. Be2 e5 7. O-O Nc6 8. d5 Ne7 9. Ne1 Ne8 10. f3 f5 11. g4 fxg4 12. fxg4 Rxf1+ 13. Kxf1 c6 14. Nd3 cxd5 15. cxd5 Bd7 16. Be3 a6 17. a4 Rc8 18. a5 Nf6 19. Nf2 Qf8 20. Kg2 h6 21. h4 Qf7 22. Qb3 Rc7 23. Qb6 Ne8 24. Rf1 Nc8 25.
Qb4 Qe7 26. Kg3 Bf6 27. Rh1 Kh7 28. Nb1 Bg7 29. Na3 Bf8 30. Qd2 Nf6 31. Rc1 Be8 32. Rc4 Rxc4 33. Nxc4 Bb5 34. Na3 Bxe2 35. Qxe2 Qc7 36.
Nc4 Be7 37. b3 Qd8 38. Qd1 Nd7 39. Qh1 Qc7 40. h5 g5 41. Qf3 Nf6 42. Qf5+ Kh8 43. Qg6 Ng8 44. Qf7 Qd8 45. Bb6 Qf8 46. Qe6 Nxb6 47. axb6 Nf6 48. Na5 Nxe4+ 49. Nxe4 Qf4+ 50. Kh3 Qf1+ 51. Kh2 Qe2+ 52. Kg1 Qe1+ 53. Kh2 Qe2+ 54.
Kh3 Qf1+ 55. Kg3 Qf4+ 56. Kh3 Qe3+ 57. Ng3 Bf8 58. Qe8 Kg7 59. Qg6+ Kh8 60. Qe8 Kg7 61.
Nxb7 Qxb6 62. Nf5+ Kg8 63. Qg6+ Kh8 64. Qf6+ Kg8 65.
Nd8 Qxb3+ 66. Ng3 Qb7 67. Ne6 Bg7 68. Nxg7 Qxg7 69. Qxd6 a5 70. Qe6+ Kh8 71. Nf5 Qb7 72. Qxh6+ Kg8 73. Qxg5+ Kf8 74. Qf6+ Kg8 75. Qe6+ Kh8 76.
Qxe5+ Kg8 77. h6 a4 78. Ne7+ Kf7 79. Qg7+ Ke8 80. Qg8+ Kd7 81. Qe6+ Kd8 82. Nc6+ Kc7 83. Qe7+ Kb6 84. Qxb7+ Kxb7 85. Nb4 1-0

[Event "Late-Titled-Tuesday-Blitz-April-30-2024"]
[Site "Chess.com"]
[Date "2024.04.30"]
[Round "11"]
[White "GMKrikor"]
[Black "HajiyevKanan"]
[Result "1-0"]
[WhiteElo "2872"]
[BlackElo "2621"]
[TimeControl "180+1"]
[EndTime "16:06:06 PDT"]
[Termination "GMKrikor won by checkmate"]

1. Nf3 d5 2. c4 c6 3. d4 Nf6 4.
Nc3 a6 5. Qc2 g6 6. Bg5 Bg7 7.
Bxf6 Bxf6 8. cxd5 cxd5 9. Nxd5 Qxd5 10. Qxc8+ Qd8 11. Qxd8+ Kxd8 12. e3 Nc6 13. Bc4 e5 14.
dxe5 Nxe5 15. Nxe5 Bxe5 16. Bxf7 Bxb2 17. Rb1 Bc3+ 18.
Ke2 b5 19. Rhd1+ Ke7 20. Bd5 Rac8 21. h4 Rc5 22. e4 b4 23. g3 a5 24. Rbc1 a4 25.
Rc2 Rb8 26. Rdc1 Kd6 27. Rd1 Ke7 28. Rb1 Kd6 29. Kd3 Rc7 30. f4 Rbc8 31. Rbc1 Rc5 32.
Rb1 R5c7 33. Ke2 Rc5 34. Rd1 Ke7 35. Rd3 R8c7 36. Rd1 Rc8 37. Rb1 R8c7 38. Kf3 Kd6 39.
Kg4 Ke7 40. h5 Kd6 41. hxg6 hxg6 42. Rh2 Bf6 43. Rd1 Rc1 44. e5+ Bxe5 45. fxe5+ Kxe5 46. Re2+ Kd6 47. Red2 Rxd1 48. Rxd1 Ke5 49. Bg8 Rc3 50. Rb1 Ra3 51. Rxb4 Kf6 52. Rb6+ Kg7 53. Bd5 Rd3 54.
Rb5 Rd4+ 55. Kf3 Kf6 56. Be4 g5 57. Rb6+ Ke5 58. Rb5+ Kf6 59. Ra5 g4+ 60. Kf4 Rb4 61. Ra6+ Ke7 62. a3 Rd4 63. Ke5 Rc4 64. Kd5 Rc3 65.
Rxa4 Rxg3 66. Ke5 Kd7 67. Ra7+ Kc8 68. a4 Kb8 69. Rb7+ Kc8 70. Rg7 Rg1 71. Bc6 Re1+ 72. Kd6 Re7 73. Rxe7 g3 74. Re8# 1-0

[Event "Late-Titled-Tuesday-Blitz-April-30-2024"]
[Site "Chess.com"]
[Date "2024.04.30"]
[Round "11"]
[White "mishanick"]
[Black "Hrant_ChessMood"]
[Result "1-0"]
[WhiteElo "3137"]
[BlackElo "2968"]
[TimeControl "180+1"]
[EndTime "16:06:07 PDT"]
[Termination "mishanick won on time"]

1. d4 Nf6 2. c4 g6 3. Nc3 Bg7 4. e4 d6 5. Bd3 e5 6. d5 Na6 7.
Nge2 Nc5 8. Bc2 a5 9. f3 h5 10.
Be3 h4 11. Qd2 Qe7 12. O-O-O Bd7 13. Kb1 Qf8 14. g3 Bh6 15. f4 Ng4 16. Bg1 h3 17. Nb5 Bxb5 18. cxb5 b6 19. Nc3 Qe7 20. Qe2 Nf6 21.
fxe5 Nfd7 22. e6 Ne5 23. Bd4 Bg7 24. exf7+ Qxf7 25. Rhf1 Qd7 26. Bxc5 bxc5 27. b6 Ke7 28. Ba4 Qc8 29. Qd2 Bh6 30. Qf2 Bg7 31. Qf4 Rh5 32. Bc6 Rb8 33. g4 Qxg4 34. bxc7 Rc8 35. Nb5 Qxf4 36.
Rxf4 Nxc6 37. dxc6 Be5 38. Rf2 g5 39. Rdf1 Bf4 40. e5 dxe5 41. Rd1 Rhh8 42. Rd7+ Ke6 43. Na7 e4 44. Nxc8 Rxc8 45. Re2 e3 46. Kc2 g4 47. Kd3 Kf5 48. Rf7+ Kg5 49. Kc4 Bxc7 50. Kxc5 Bf4 51. Kb6 Rb8+ 52. Ka7 Rc8 53. Kb7 Rb8+ 54. Ka6 Rc8 55.
Kb6 Rb8+ 56. Kxa5 Ra8+ 57. Kb6 Rb8+ 58. Rb7 Rc8 59. Rg7+ Kf5 60. c7 Ke4 61. Rc2 Kf3 62.
Re7 Rf8 63. c8=Q Rxc8 64. Rxc8 Bxh2 65. Rf8+ Kg2 66. Kb5 Bg1 67. a4 h2 68. Rh8 g3 69.
a5 Kf3 70. a6 g2 71. a7 h1=Q 72. a8=Q+ Ke2 73. Rxh1 1-0

[Event "Late-Titled-Tuesday-Blitz-April-30-2024"]
[Site "Chess.com"]
[Date "2024.04.30"]
[Round "11"]
[White "Njal28"]
[Black "MITerryble"]
[Result "1-0"]
[WhiteElo "3098"]
[BlackElo "3037"]
[TimeControl "180+1"]
[EndTime "16:06:09 PDT"]
[Termination "Njal28 won by resignation"]

1. e4 e6 2. d4 d5 3. exd5 exd5 4.
Nf3 Nc6 5. Bb5 Ne7 6. O-O a6 7.
Ba4 Bg4 8. c3 b5 9. Bc2 Ng6 10.
h3 Bd7 11. Re1+ Be7 12. Ng5 O-O 13. Qh5 Bxg5 14. Bxg5 Qc8 15. Qf3 Be6 16. Nd2 Na5 17.
Nb3 Nb7 18. Qg3 Nd6 19. Nc5 Bf5 20. Bb3 Nc4 21. Re2 h6 22. Bf4 c6 23. Rae1 Kh7 24.
Bc1 a5 25. Bd1 Qb8 26. Qxb8 Raxb8 27. b3 Nd6 28. g4 Bc8 29. Bc2 Kg8 30. f3 b4 31.
cxb4 axb4 32. Bd3 Ra8 33. Kg2 Nb7 34. Nxb7 Bxb7 35. Kg3 Ba6 36. Bxa6 Rxa6 37. h4 Rfa8 38. h5 Nf8 39. Bd2 Rxa2 40. Bxb4 Rxe2 41. Rxe2 Ne6 42.
Bc5 Rb8 43. b4 Nxc5 44. bxc5 Rb4 45. Re8+ Kh7 46. Rc8 Rxd4 47. Rxc6 Rc4 48. Rc7 Kg8 49. Rc8+ Kh7 50. c6 g6 51. Kf2 gxh5 52. gxh5 d4 53. Ke2 Rc3 54. Kd2 Kg7 55. c7 Kh7 56. f4 Kg7 57. f5 Kf6 58. Rh8 Rxc7 59. Rxh6+ Kxf5 60. Ra6 Rc3 61. h6 Rh3 62. Rd6 Ke5 63. Rd7 f5 64. h7 Ke4 65. Ke2 Ke5 66. Kf2 f4 67. Kg2 Rh6 68.
Kf3 d3 69. Rxd3 Rxh7 70. Kf2 Rh2+ 71. Kf1 Ra2 72. Rb3 Ke4 73. Rc3 Rb2 74. Ra3 Rc2 75.
Rb3 Kf5 76. Ra3 Kg4 77. Rb3 Rb2 78. Rxb2 Kg3 79. Rb3+ f3 80. Ra3 Kf4 81. Kf2 Ke4 82.
Rxf3 Kd5 83. Re3 Kd4 84. Ke2 Kc5 85. Rd3 1-0

[Event "Late-Titled-Tuesday-Blitz-April-30-2024"]
[Site "Chess.com"]
[Date "2024.04.30"]
[Round "11"]
[White "OparinGrigoriy"]
[Black "penguingm1"]
[Result "0-1"]
[WhiteElo "2977"]
[BlackElo "2904"]
[TimeControl "180+1"]
[EndTime "16:06:10 PDT"]
[Termination "penguingm1 won by resignation"]

1. d4 d5 2. c4 e6 3. Nc3 Be7 4. cxd5 exd5 5. Bf4 c6 6. e3 Bf5 7. Nge2 Nd7 8. h4 Nf8 9. Ng3 Bc8 10. h5 Ne6 11.
Bd3 Nxf4 12. exf4 Qb6 13. Qd2 Qxd4 14. O-O-O Bf6 15. Kb1 Ne7 16. Rhe1 Be6 17. Qc2 Qxf4 18. Bf5 Nxf5 19. Nxf5 O-O-O 20. Ng3 Kb8 21. Nce2 Qb4 22. a3 Qb6 23. Nf4 Bc8 24. Nd3 g6 25. f3 Rhe8 26.
hxg6 hxg6 27. Ne2 Re3 28. Nec1 Rde8 29. Rxe3 Rxe3 30. Ka2 Bf5 31. g4 Be6 32. Nc5 Qc7 33.
N1d3 Qd6 34. Qf2 d4+ 35. Kb1 Qd5 36. Nxe6 Qxe6 37. Qh2+ Kc8 38. Nc5 Qe7 39. Ne4 Be5 40. Qf2 Kc7 41. Nd2 Qe6 42. Qf1 b5 43. Rc1 a6 44. Ne4 Kb6 45. Nc5 Qd5 46. f4 Bd6 47.
Nd7+ Kc7 48. Nf6 Qe6 49. Qh1 Bxf4 50. Nd5+ Kb7 51. Nxf4 Qd6 52. Qg2 d3 53. Qf2 Qd4 54. Ng2 Re4 55. Qxf7+ Kb6 56. Qxg6 Qd5 57. Qf5 Qd4 58.
Qg6 Qd5 59. Qf5 Qd4 60. Qf3 Re2 61. Qxc6+ Ka5 62. Qc3+ Qxc3 63. Rxc3 d2 64. Kc2 Rxg2 65. Rd3 d1=Q+ 66. Kxd1 Rxb2 67. Rg3 Rf2 68. g5 Rf7 69. g6 Rg7 70. Kc2 Ka4 71. Kb2 Ka5 72. Rg4 Kb6 73.
Kc3 Ka5 74. Kb3 Kb6 75. Rg5 Ka5 76. Rg1 Kb6 77. Rg2 Ka5 78. Rg5 Kb6 79. Kb4 Kc6 80.
Ka5 Kb7 81. Rg4 Ka7 82. Rg1 Kb7 83. Rg5 Ka7 84. Kb4 Kb6 85. Kc3 Ka5 86. Rg4 Rc7+ 87. Kd4 Rc4+ 88. Ke5 Rxg4 89. Kf5 Rg1 0-1

[Event "Late-Titled-Tuesday-Blitz-April-30-2024"]
[Site "Chess.com"]
[Date "2024.04.30"]
[Round "11"]
[White "Romkachess"]
[Black "dosto07"]
[Result "0-1"]
[WhiteElo "2610"]
[BlackElo "2515"]
[TimeControl "180+1"]
[EndTime "16:06:15 PDT"]
[Termination "dosto07 won by checkmate"]

1. e4 e5 2. d4 exd4 3. Qxd4 Nc6 4. Qe3 Nf6 5. Nc3 Be7 6. Bd2 d5 7. exd5 Nxd5 8. Nxd5 Qxd5 9. c4 Qc5 10. Nf3 Bf5 11. a3 O-O-O 12. Qxc5 Bxc5 13. b4 Nd4 14. Rc1 Rhe8+ 15. Kd1 Bg4 16. bxc5 Nxf3 17. gxf3 Bxf3+ 18. Kc2 Be4+ 19. Kc3 Bxh1 20. Bh3+ Kb8 21. Rxh1 Re2 22. Be3 Ra2 23. Kb3 Re2 24. c6 bxc6 25. Ka4 Rb2 26.
Bc5 Kb7 27. Rg1 g6 28. Re1 Rd3 29. Bg2 Rc3 30. Re4 Rbc2 31. Bb4 Rxc4 32. Rxc4 Rxc4 33. Kb3 Rg4 34. Bf3 Rf4 35. Bd1 Rxf2 36. h4 f5 37. Bc2 Rf3+ 38. Kb2 f4 39. Be7 Rf2 40. Kc3 f3 41.
Bd3 Ra2 42. Bc5 Rh2 43. Kc4 Rxh4+ 44. Kc3 g5 45. Kd2 g4 46. Ke1 Rh2 47. Kf1 h5 48. Kg1 Rd2 49. Be4 Re2 50. Bd3 Rd2 51. Bg6 Rd5 52. Bb4 a5 53. Bc3 Kb6 54. Kf2 Kb5 55.
a4+ Kxa4 56. Bh8 Kb5 57. Bf7 Rd2+ 58. Ke3 Rg2 59. Bg6 c5 60. Bd3+ c4 61. Bf1 Rg1 62. Kf2 Rh1 63. Bd4 Rh2+ 64. Ke3 Ra2 65. Be5 Ra3+ 66.
Kd4 Ra1 67. Bxc4+ Kb6 68. Ke4 Rc1 69. Bd4+ c5 70. Bd3 Re1+ 71. Kf4 a4 72. Bf2 Rd1 73.
Bc2 Rd2 74. Bxa4 Rxf2 75. Kg3 Rg2+ 76. Kf4 Ka5 77. Bb3 Kb4 78. Bc4 Kxc4 79. Ke3 f2 80.
Ke2 g3 81. Kf3 Rg1 82. Kf4 f1=Q+ 83. Ke4 Qf2 84. Ke5 Re1+ 85. Kd6 Qd4+ 86. Kc6 Re6+ 87. Kb7 Qd7+ 88. Kb8 Re8# 0-1

[Event "Late-Titled-Tuesday-Blitz-April-30-2024"]
[Site "Chess.com"]
[Date "2024.04.30"]
[Round "11"]
[White "ChessSwole"]
[Black "mortngabriel"]
[Result "1/2-1/2"]
[WhiteElo "2652"]
[BlackElo "2509"]
[TimeControl "180+1"]
[EndTime "16:06:29 PDT"]
[Termination "Game drawn by repetition"]

1. Nf3 Nf6 2. c4 e6 3. Nc3 d5 4. e3 b6 5. cxd5 exd5 6. g3 Bb7 7. Ne2 c5 8. Bg2 Nc6 9. d4 c4 10. O-O Be7 11. b3 b5 12. bxc4 dxc4 13. Rb1 a6 14. Ne5 Qc7 15. a4 Nxe5 16. Bxb7 Qxb7 17. dxe5 Ne4 18.
Qc2 Ng5 19. e4 Nf3+ 20. Kg2 Nxe5 21. axb5 axb5 22. Bf4 Nd3 23. Qxc4 bxc4 24. Rxb7 Nxf4+ 25. Nxf4 Bd6 26. e5 Bxe5 27. Re1 f6 28. Nh5 O-O 29. Rxg7+ Kh8 30. f4 Bb2 31. Ree7 f5 32. Rxh7+ Kg8 33. Rh6 Rf7 34. Rg6+ Kf8 35. Ree6 c3 36. Rc6 Raa7 37. Nf6 Rac7 38. Rg8+ Ke7 39. Rxc7+ Kxf6 40. Rxf7+ Kxf7 41. Rc8 Ke6 42. h4 Kd5 43. h5 Kd4 44. h6 Kd3 45.
Rd8+ Ke2 46. Re8+ Kd1 47. Kf2 c2 48. Rd8+ Kc1 49. h7 Kb1 50. Rb8 c1=Q 51. h8=Q Qc2+ 52.
Ke3 Qe4+ 53. Kd2 Qg2+ 54. Kd3 Qxg3+ 55. Kc4 Qxf4+ 56. Kd5 Qe4+ 57. Kd6 Qf4+ 58. Ke6 Qe4+ 59. Kf7 Qd5+ 60. Kg6 Qe6+ 61. Kg5 Qe3+ 62. Kxf5 Qf3+ 63. Kg6 Qg4+ 64. Kf7 Qf5+ 65. Ke7 Qc5+ 66. Kd7 Qd5+ 67. Ke7 Qe4+ 68. Kd6 Qd3+ 69. Kc5 Qc2+ 70. Kd5 Qd3+ 71.
Ke6 Qe4+ 72. Kd7 Qd5+ 73. Ke7 Qc5+ 74. Kf7 Qd5+ 75. Kg6 Qe4+ 76. Kg5 Qe3+ 77. Kg4 Qe4+ 78. Kg3 Qe3+ 79. Kg4 Qe4+ 80. Kg5 Qe3+ 81. Kg6 Qe4+ 82. Kf7 Qf5+ 83. Ke8 Qe6+ 84. Kf8 Qd6+ 85. Kf7 Qd5+ 86. Kf8 Qd6+ 87. Kf7 Qd5+ 1/2-1/2

[Event "Late-Titled-Tuesday-Blitz-April-30-2024"]
[Site "Chess.com"]
[Date "2024.04.30"]
[Round "11"]
[White "mbojan"]
[Black "albi1999"]
[Result "1-0"]
[WhiteElo "2937"]
[BlackElo "2667"]
[TimeControl "180+1"]
[EndTime "16:06:32 PDT"]
[Termination "mbojan won by checkmate"]

1. e4 c5 2. Nf3 a6 3. c3 d5 4.
exd5 Nf6 5. d4 cxd4 6. cxd4 Nxd5 7. Nc3 Nc6 8. Bc4 e6 9. O-O Be7 10. Re1 O-O 11. a3 b6 12. Bd2 Bb7 13. Nxd5 exd5 14. Bd3 Bf6 15. Bc3 Qd7 16. h3 Rfe8 17. Qd2 Rxe1+ 18. Rxe1 Re8 19. Re3 Rxe3 20. Qxe3 g6 21. Bc2 b5 22. Qf4 Bg7 23. Bd3 Qe7 24. h4 b4 25.
axb4 Nxb4 26. Bb1 Bf8 27. h5 Qd6 28. Ne5 Qe6 29. g4 Nc6 30. Nd3 Bd6 31. Qf3 gxh5 32. gxh5 Qe4 33. Qxe4 dxe4 34. Nc5 Bxc5 35. dxc5 f5 36.
Ba2+ Kf8 37. Kh2 Ne7 38. Kg3 Bd5 39. Bb1 Bf7 40. h6 Nd5 41. Bg7+ Ke8 42. f3 Bg6 43. fxe4 fxe4 44. Ba2 Bf7 45. Kf2 Kd7 46. Bb1 Bg6 47. Ke1 Kc6 48. Bf8 Nb4 49. Ke2 Nd3 50. Ke3 Nxc5 51. Ba2 Nd3 52. Bg7 Kc5 53. Bg8 Kb4 54.
Be6 a5 55. Bf8+ Kb5 56. b3 Nc5 57. Bc4+ Kb6 58. Be7 Kc6 59. Bd8 Nb7 60. Bf6 Nd6 61. Be6 Nf5+ 62. Kf4 Nxh6 63. Be5 Nf7 64. Bf6 Nd6 65.
Bg8 Nb7 66. Bc4 Nc5 67. Bg7 Na6 68. Bf8 Nb4 69. Bg7 Nd3+ 70. Ke3 Nc5 71. Kd4 Nb7 72. Bd5+ Kb6 73. Be5 Nc5 74. Bd6 Nd7 75. Be6 Nb8 76.
Bxb8 Kc6 77. Bf4 Kb5 78. Bd6 Kc6 79. Be7 Kb5 80. Bd7+ Kb6 81. Bd8+ Ka6 82. Kc5 Bf7 83. Bc8+ Ka7 84. Bxa5 Bxb3 85. Bb6+ Ka8 86. Kc6 Ba4+ 87. Kc7 Be8 88. Bb7# 1-0

[Event "Late-Titled-Tuesday-Blitz-April-30-2024"]
[Site "Chess.com"]
[Date "2024.04.30"]
[Round "11"]
[White "mightysmasher"]
[Black "Abund"]
[Result "0-1"]
[WhiteElo "2540"]
[BlackElo "2759"]
[TimeControl "180+1"]
[EndTime "16:06:34 PDT"]
[Termination "Abund won on time"]

1. e4 g6 2. d4 Bg7 3. Nf3 a6 4.
c4 c6 5. Nc3 d5 6. exd5 cxd5 7.
Be2 Nf6 8. O-O O-O 9. Be3 Nc6 10.
Rc1 dxc4 11. Bxc4 b5 12. Be2 Bb7 13. Ne5 Nb4 14. a3 Nbd5 15. Nxd5 Nxd5 16. Nd3 Qb6 17. Nc5 Nxe3 18. fxe3 Rad8 19. Nxb7 Qxb7 20. Qb3 e5 21. Bf3 Qe7 22. dxe5 Bxe5 23. Bd5 Bxh2+ 24. Kxh2 Qe5+ 25. Kg1 Rxd5 26. Rc6 Rd2 27. Qc3 Qxc3 28. bxc3 Rd3 29. Rxa6 Rxc3 30. Rf3 Rc7 31. Rb6 Ra8 32. e4 Ra4 33. e5 Re7 34. Rxb5 Re4 35. Rb6 R4xe5 36.
Ra6 Kg7 37. Kh2 Re2 38. Kg1 Ra2 39. Raf6 Ra7 40. Kh2 Kg8 41. Kg1 Rb7 42. Kh2 Kg7 43. Kh3 Re7 44. Kh2 Ra7 45. Kh3 h5 46. Kh2 Rc2 47. Kh3 Rc4 48. Kh2 Re4 49. Kh3 Rea4 50. Kh2 R4a6 51. Rxa6 Rxa6 52. Rb3 Kf6 53. Kg3 Kg5 54.
Kf3 Ra4 55. g3 f5 56. Kg2 h4 57. gxh4+ Rxh4 58. Rg3+ Kf6 59. Rb3 Ra4 60. Rb6+ Kg5 61. Rb3 Ra8 62. Rg3+ Kf6 63. Rb3 g5 64. Rb6+ Ke5 65.
Rb5+ Kf6 66. Rb6+ Kg7 67. Rb3 Kg6 68. Kg3 Ra4 69. Kg2 g4 70. Kg3 Kg5 71. Kg2 Ra8 72.
Kh2 Rc8 73. Kg2 Rc2+ 74. Kg1 Ra2 75. Kh1 f4 76. Kg1 g3 77. Rb8 Kg4 78. Kf1 Rxa3 0-1

[Event "Late-Titled-Tuesday-Blitz-April-30-2024"]
[Site "Chess.com"]
[Date "2024.04.30"]
[Round "11"]
[White "Mischuk_D"]
[Black "ozates"]
[Result "0-1"]
[WhiteElo "2821"]
[BlackElo "2653"]
[TimeControl "180+1"]
[EndTime "16:06:50 PDT"]
[Termination "ozates won on time"]

1. d4 Nf6 2. c4 e6 3. Nf3 d5 4. g3 dxc4 5. Bg2 Bd7 6. Ne5 Bc6 7.
Nxc6 Nxc6 8. O-O Qd7 9. e3 h5 10. Nd2 h4 11. Nxc4 hxg3 12. hxg3 Nd5 13. e4 Nb6 14. Nxb6 axb6 15. d5 Ne5 16. Bf4 Bd6 17. a3 f6 18. Rc1 g5 19. Bxe5 Bxe5 20. Rc2 Qh7 21. Re1 O-O-O 22. Qg4 f5 23. exf5 exf5 24. Qa4 Bd6 25. Qb3 f4 26. g4 Rde8 27. Re6 Qh2+ 28.
Kf1 Rxe6 29. dxe6 Re8 30. Qf3 Rxe6 31. Qxb7+ Kd7 32. Qc6+ Ke7 33. Qc3 Qh4 34. Qg7+ Kd8 35. Bc6 Qh3+ 36. Bg2 Qxg4 37. Qd4 Qh5 38. Qd5 Qe8 39. Rc1 Re5 40. Qa8+ Ke7 41. Qb7 g4 42. Bc6 Qh5 43. Bg2 f3 44. Rxc7+ Bxc7 45. Qxc7+ Ke6 46. Qc6+ Kf5 47. Qd7+ Kf4 48. Qd4+ Kf5 49. Qd7+ Kf6 50. Qd6+ Re6 51. Qf8+ Qf7 52. Qh6+ Ke7 53. Qg5+ Qf6 54. Qxg4 fxg2+ 55. Kg1 Re1+ 56. Kxg2 Qe6 57. Qb4+ Kf7 58. Qf4+ Qf6 59. Qc7+ Re7 60. Qc4+ Qe6 61. Qc1 Qg6+ 62. Kf1 Qe4 63. Qh6 Qe2+ 64. Kg2 Qg4+ 65. Kf1 Qd1+ 66.
Kg2 Qd5+ 67. Kf1 Qf5 68. Qd2 Rd7 69. Qc1 Qh3+ 70. Kg1 Rd6 71. Qf4+ Rf6 72. Qc7+ Kg8 73. Qd8+ Kg7 74. Qe7+ Kg6 75. Qe8+ Rf7 76. Qe4+ Qf5 77. Qc6+ Qf6 78. Qc2+ Qf5 79. Qd2 Kg7 80. Kf1 Rd7 81.
Qc3+ Qf6 82. Qg3+ Kf7 83. Qh3 Rd1+ 84. Ke2 Rd6 85. Kf1 Qf4 86. Qh7+ Ke6 87. Qg8+ Kd7 88. Qh7+ Kc6 89. Qc2+ Kb7 90. Kg2 Qg4+ 91. Kf1 Rd1+ 0-1

[Event "Late-Titled-Tuesday-Blitz-April-30-2024"]
[Site "Chess.com"]
[Date "2024.04.30"]
[Round "11"]
[White "BabageldiAnnaberdiyev"]
[Black "db-banana"]
[Result "1/2-1/2"]
[WhiteElo "2590"]
[BlackElo "2474"]
[TimeControl "180+1"]
[EndTime "16:06:57 PDT"]
[Termination "Game drawn - insufficient material"]

1. e4 Nf6 2. e5 Nd5 3. c4 Nb6 4.
d4 d6 5. f4 dxe5 6. fxe5 Bf5 7. Be3 Nc6 8. Nc3 e6 9. Be2 Be7 10. Nf3 O-O 11. O-O f6 12. exf6 Bxf6 13. Qd2 Qe7 14.
Rad1 Rad8 15. d5 exd5 16. Bxb6 Bxc3 17. bxc3 axb6 18. cxd5 Ne5 19. Nd4 Bc8 20. Rxf8+ Rxf8 21. Rf1 Rd8 22. Qe3 Ng6 23. Qxe7 Nxe7 24. c4 c6 25.
Bf3 cxd5 26. cxd5 Nxd5 27. Nb5 Nf6 28. Rc1 Bf5 29. Bxb7 Rd2 30. h3 Rxa2 31. g4 Be6 32. g5 Nh5 33. Nd4 Ra7 34. Bf3 Nf4 35. Rc6 Bd5 36.
Rc8+ Kf7 37. Bg4 Ra1+ 38. Kf2 h6 39. gxh6 gxh6 40. Nf5 h5 41. Be2 Nxe2 42. Kxe2 Be6 43. Rc7+ Kf6 44. Ng3 h4 45. Ne4+ Ke5 46. Nf2 Ra2+ 47.
Ke3 Bf5 48. Rb7 Rb2 49. Rb8 Rb3+ 50. Ke2 Bxh3 51. Rh8 Bf5 52. Rxh4 b5 53. Rh8 Rb2+ 54. Ke3 Rb3+ 55. Ke2 b4 56. Rb8 Kd4 57. Nd1 Bd3+ 58.
Kd2 Bc4 59. Rd8+ Bd5 60. Kc2 Rc3+ 61. Nxc3 bxc3 62. Rc8 Be4+ 63. Kb3 Bd5+ 64. Kc2 Be4+ 65. Kc1 Bf5 66. Rf8 Be4 67. Rh8 Ke5 68. Rh3 Kd4 69.
Rh4 Kd5 70. Kd1 Kd4 71. Rh8 Bd3 72. Rd8+ Kc4 73. Kc1 Be4 74. Rd7 c2 75. Kd2 Kc5 76. Re7 Kd5 77. Rd7+ Ke5 78. Ra7 Bf5 79. Ra5+ Kf6 80.
Rc5 Ke6 81. Ke3 Kd6 82. Rc3 Ke5 83. Kd2 Kd4 84. Rc7 Be4 85. Rd7+ Ke5 86. Re7+ Kd4 87.
Rg7 Bf5 88. Rg3 Be4 89. Rg1 Ke5 90. Ke3 Bf5 91. Re1 Kd5 92. Kf4 Bd3 93. Ke3 Bf5 94.
Kd2 Be4 95. Ra1 Kd4 96. Ra4+ Kd5 97. Rb4 Bf5 98. Rb2 Be4 99. Ra2 Ke5 100. Rxc2 Bxc2 1/2-1/2

[Event "Late-Titled-Tuesday-Blitz-April-30-2024"]
[Site "Chess.com"]
[Date "2024.04.30"]
[Round "11"]
[White "wild3000"]
[Black "ahmedkandiliii"]
[Result "0-1"]
[WhiteElo "2490"]
[BlackElo "2607"]
[TimeControl "180+1"]
[EndTime "16:07:15 PDT"]
[Termination "ahmedkandiliii won on time"]

1. d4 Nf6 2. Nf3 g6 3. g3 Bg7 4. Bg2 O-O 5. O-O c5 6. dxc5 Qc7 7. Nbd2 Qxc5 8. Nb3 Qc7 9. c3 d6 10. Bg5 Nc6 11.
Nfd4 Bd7 12. Qd2 Rfd8 13. Bh6 Bh8 14. Rfe1 a6 15. Rad1 Rac8 16. h3 Ne5 17. Qc1 Nc4 18. Nd2 b5 19. Nxc4 bxc4 20. e4 Qa5 21. a3 Ba4 22. Rd2 Nd7 23. Nf3 Nc5 24. Rd5 Qc7 25. Bf1 Bc6 26. Rdd1 Bxe4 27. Nd4 Bd3 28. Bg2 e5 29.
Nc2 Nb3 30. Qb1 Qd7 31. Rxd3 cxd3 32. Nb4 d2 33. Rd1 a5 34. Nd5 Qe6 35. a4 Bg7 36. Bxd2 Nxd2 37. Rxd2 Rb8 38. b4 axb4 39. cxb4 Rdc8 40. b5 Rc4 41. Qb3 Rd4 42. Rb2 e4 43. Ne3 Qxb3 44. Rxb3 Rxa4 45. Nd5 Bd4 46. Ne7+ Kg7 47. Nc6 Rb6 48. Nxd4 Rxd4 49. Bf1 Rd1 50. Kg2 d5 51. Rc3 d4 52. Rc4 d3 53. Rxe4 Rxb5 54.
Rd4 Rb3 55. g4 d2 56. Be2 Rdb1 57. Rxd2 R1b2 58. Rxb2 Rxb2 59. Bd3 g5 60. Bf5 h6 61. Kg3 Kf6 62. Kg2 Ke5 63. Bh7 Kf4 64. Bd3 Rd2 65. Bf5 h5 66. Bc8 Rd8 67. Bf5 Rd1 68. Bc2 Rc1 69. Bf5 Rc7 70. Kg1 Kf3 71. gxh5 Rc1+ 72.
Kh2 Kxf2 73. h6 Ra1 74. h7 Ra8 75. h4 gxh4 76. Kh3 Kf3 77. Kxh4 Kf4 78. Bd3 Rh8 79. Kh5 Ke5 80. Kh6 Kf6 81. Be4 Re8 82. Bd3 Rd8 83. Bc4 Rc8 84. Bd3 Ke7 85. Kg7 Rc3 86. h8=Q Rxd3 87. Qh4+ Kd6 88. Qf4+ Kc6 89. Qxf7 Rd7 90.
Kh6 Rxf7 91. Kg6 Rd7 0-1